 Dungeon Crawl Stone Soup version 0.29.1-13-g9f3cf754e1 (webtiles) character file.

Game seed: 15880456574436457381

179515 shadowmeld the Eclecticist (level 18, -1/153 HPs)
             Began as a Djinni Ice Elementalist on Feb 2, 2023.
             Was a High Priest of Ashenzari.
             Engulfed by a cloud of flame (3 damage)
             ... on level 4 of the Spider Nest.
             The game lasted 05:18:27 (23243 turns).

shadowmeld the Eclecticist (DjIE)                  Turns: 23243, Time: 05:18:28

Health: -1/153     AC: 16    Str:  7    XL:     18   Next: 92%
Gold:   2962       EV: 23    Int: 24    God:    Ashenzari [*****.] SH: 19 Dex: 18

rFire   + + +      SeeInvis +   p - +10 dagger of Ashenzari's Repose {vamp, rElec rCorr Dex+3, Self, Melee} (curse)
rCold   . . .      Faith    .   r - +3 kite shield {reflect}
rNeg    . . .      Spirit   .   j - +4 troll leather armour "Thunder Perfect Mind" {Regen+, Self, Melee} (curse)
rPois   ∞          Reflect  +   o - +2 helmet "Ensconced With Me" {Evo, Fort} (curse)
rElec   +          Harm     .   J - scarf of Ashenzari's Mistrust {rC+ rF+, Cun, Self} (curse)
rCorr   +          Rampage  .   q - +0 pair of gloves of Ashenzari's Visionary {rF+ Will++, Cun, Self} (curse)
Will    +++..      Clarity  +   (boots unavailable)
Stlth   +++.......              x - amulet "Per Aspera Ad Scientiam" {Regen+, Self, Fort} (curse)
HPRegen 1.95/turn               D - ring of the Bound Jealousy {AC+4, Fort, Self} (curse)
MPRegen 0.00/turn               N - ring of wizardry

@: flying, studying Dodging
A: sickness immunity, fire resistance 2, cold vulnerability 1, float, innate
caster, HP casting, extra vitality 1, large bone plates 1, deformed body
a: Renounce Religion, Curse Item, Shatter the Chains


You were on level 4 of the Spider Nest.
You worshipped Ashenzari.
Ashenzari was extremely pleased with you.
You visited 5 branches of the dungeon, and saw 27 of its levels.
You also visited: Ossuary, Bailey and Gauntlet.

You collected 3712 gold pieces.
You spent 750 gold pieces at shops.

Inventory:

Hand Weapons
 c - the +4 rapier of the Secret Defenders {flame, rPois rF+ rN+ Int+4}
   (You bought it in a shop on level 2 of the Orcish Mines)

   It burns those it strikes, dealing additional fire damage.
   Int:       It affects your intelligence (+4).
   rF:        It protects you from fire.
   rPois:     It protects you from poison.
   rN:        It protects you from negative energy.
 p - the cursed +10 dagger of Ashenzari's Repose (weapon) {vamp, rElec rCorr Dex+3, Self, Melee}
   (You found it in a Gauntlet)

   It occasionally heals its wielder for a portion of the damage dealt when it
   wounds a living foe.
   Dex:       It affects your dexterity (+3).
   rElec:     It insulates you from electricity.
   rCorr:     It protects you from acid and corrosion.
   It has a curse which improves the following skills: Introspection: Fighting
   and Spellcasting.
   Melee Combat: Short Blades, Long Blades, Axes, Maces & Flails, Polearms,
   Staves and Unarmed Combat.
 O - the +8 double sword of Foul Odours {vorpal, Will+}
   (You found it on level 12 of the Dungeon)

   It inflicts extra damage upon your enemies.
   Will:      It increases your willpower.
Armour
 a - the +1 robe of Vines {NoPotionHeal Regen++++}
   (You found it on level 4 of the Lair of Beasts)

   Its wearer cannot be healed by potions.
   Regen:     It increases your rate of health regeneration.
 i - a +0 cloak
 j - the cursed +4 troll leather armour "Thunder Perfect Mind" (worn) {Regen+, Self, Melee}
   (You found it on level 11 of the Dungeon)

   Regen:     It increases your rate of health regeneration.
   It has a curse which improves the following skills: Introspection: Fighting
   and Spellcasting.
   Melee Combat: Short Blades, Long Blades, Axes, Maces & Flails, Polearms,
   Staves and Unarmed Combat.
 n - +2 acid dragon scales
 o - the cursed +2 helmet "Ensconced With Me" (worn) {Evo, Fort}
   (You took it off Robin on level 2 of the Dungeon)

   It has a curse which improves the following skills: Evocations: Evocations.
   Fortitude: Armour and Shields.
 q - the cursed +0 pair of gloves of Ashenzari's Visionary (worn) {rF+ Will++, Cun, Self}
   (You found it in a Gauntlet)

   rF:        It protects you from fire.
   Will:      It greatly increases your willpower.
   It has a curse which improves the following skills: Cunning: Dodging and
   Stealth.
   Introspection: Fighting and Spellcasting.
 r - a +3 kite shield of reflection (worn)
 B - an orb of light
 C - the +7 chain mail of Intense Surprise {Str+3 Int+4 Slay+3 SInv}
   (You bought it in a shop on level 2 of the Orcish Mines)

   Str:       It affects your strength (+3).
   Int:       It affects your intelligence (+4).
   Slay:      It affects your accuracy & damage with ranged weapons and melee
   (+3).
   SInv:      It lets you see invisible.
 J - the cursed scarf of Ashenzari's Mistrust (worn) {rC+ rF+, Cun, Self}
   (You bought it in a shop on level 2 of the Orcish Mines)

   It has a curse which improves the following skills: Cunning: Dodging and
   Stealth.
   Introspection: Fighting and Spellcasting.
Jewellery
 b - a ring of ice
 x - the cursed amulet "Per Aspera Ad Scientiam" (around neck) {Regen+, Self, Fort}
   (You found it on level 3 of the Dungeon)

   [amulet of regeneration]

   Regen:     It increases your rate of health regeneration.
   It has a curse which improves the following skills: Introspection: Fighting
   and Spellcasting.
   Fortitude: Armour and Shields.
 y - an amulet of regeneration
 D - the cursed ring of the Bound Jealousy (left hand) {AC+4, Fort, Self}
   (You found it on level 4 of the Dungeon)

   [ring of protection]

   AC:        It affects your AC (+4).
   It has a curse which improves the following skills: Fortitude: Armour and
   Shields.
   Introspection: Fighting and Spellcasting.
 E - a ring of protection from fire
 G - a +6 ring of intelligence
 N - a ring of wizardry (right hand)
 W - a +4 ring of protection
 Z - a ring of positive energy
Wands
 w - a wand of digging (8)
 z - a wand of mindburst (36)
 H - a wand of flame (20)
 K - a wand of quicksilver (7)
 L - a wand of polymorph (12)
 S - a wand of paralysis (30)
 V - a wand of iceblast (9)
Scrolls
 e - 22 scrolls of teleportation
 h - 2 scrolls of fear
 l - 6 scrolls of poison
 t - 7 scrolls of butterflies
 u - 3 scrolls of vulnerability
 v - 5 scrolls of enchant weapon
 F - 7 scrolls of magic mapping
 I - a scroll of summoning
 Y - a scroll of silence
Potions
 d - 3 potions of lignification
 f - 8 potions of curing
 g - 8 potions of attraction
 k - 5 potions of might
 s - 13 potions of mutation
 A - 5 potions of haste
 M - 3 potions of brilliance
 P - 4 potions of resistance
 Q - 3 potions of invisibility
 R - 2 potions of berserk rage
 U - 2 potions of ambrosia
 X - 3 potions of cancellation
Miscellaneous
 T - a phial of floods


   Skills:
 * Level 14.2(21.4) Fighting
 + Level 0.4(1.6) Short Blades
 - Level 1.6(3.9) Axes
 - Level 0.1 Ranged Weapons
 + Level 5.2(9.5) Armour
 * Level 17.1(20.4) Dodging
 - Level 1.5(3.8) Stealth
 + Level 4.8(9.0) Shields
 + Level 19.4(26.4) Spellcasting
 + Level 2.2(4.0) Evocations


You had 26 spell levels left.
You knew the following spells:

 Your Spells              Type           Power      Damage    Failure   Level
a - Freeze                Ice            100%       1d11      0%          1
b - Frozen Ramparts       Ice            100%       1d16      0%          3
c - Ozocubu's Armour      Ice            100%       N/A       0%          3
d - Hailstorm             Conj/Ice       100%       3d20      0%          4
e - Sandblast             Erth           100%       2d20      0%          1
f - Poisonous Vapours     Pois/Air       100%       N/A       0%          2
g - Inner Flame           Hex/Fire       100%       N/A       0%          3
h - Stone Arrow           Conj/Erth      100%       3d13      0%          3
i - Lightning Bolt        Conj/Air       51%        1d72      0%          5
j - Summon Mana Viper     Hex/Summ       100%       N/A       0%          5
k - Summon Cactus Giant   Summ           51%        N/A       0%          6
l - Summon Hydra          Summ           51%        N/A       1%          7
Your spell library was empty.

Dungeon Overview and Level Annotations

Branches:
Dungeon (15/15)            Temple (1/1) D:4            Lair (5/5) D:11
  Swamp (0/4) Lair:3       Spider (4/4) Lair:2        Slime (0/5) Lair:5
    Orc (2/2) D:12            Elf (0/3) Orc:2        Vaults (0/5) D:13
 Depths (0/4) D:15        Ossuary (visited)          Bailey (visited)
Gauntlet (visited)

Altars:
Ashenzari
Cheibriados
Dithmenos
Elyvilon
Fedhas
Gozag
Hepliaklqana
Makhleb
Nemelex Xobeh
Okawaru
Qazlal
Ru
Trog
Uskayaw
Wu Jian
Xom
Yredelemnul
Zin
The Shining One
Jiyva

Shops:
D:3 (   D:13 *   D:14 [   Orc:2 [:([*

Portals:
Hell: Lair:5


Innate Abilities, Weirdness & Mutations

You are immune to sickness and miasma.
You are immune to poison.
Your flesh is very heat resistant. (rF++)
You are vulnerable to cold. (rC-)
You float through the air rather than walking.
You learn spells naturally, not from books.
Your magical power is your life essence.
You have superior vitality. (+4 MHP)
You are partially covered in large bone plates. (SH +4)
Armour fits poorly on your strangely shaped body.


Message History

The emperor scorpion is lightly wounded.
The fiery explosion engulfs the redback!!
You kill the redback!
The redback's corpse disappears in a puff of smoke!
You are engulfed in blazing flames.
You resist.
* * * LOW HITPOINT WARNING * * *
You hear a skittering sound.
The wolf spider is engulfed in a cloud of scalding steam.
The emperor scorpion stings you but does no damage.
The emperor scorpion claws you but does no damage.
The emperor scorpion claws you.
* * * LOW HITPOINT WARNING * * *
The emperor scorpion is engulfed in blazing flames.
The broodmother summons spiders!
You hear a skittering sound.
You feel better.
You are engulfed in blazing flames.
You resist.
The redback disappears in a puff of smoke!
The wolf spider is engulfed in blazing flames.
You block the wolf spider's attack. x2; The emperor scorpion stings you!
* * * LOW HITPOINT WARNING * * *
The emperor scorpion closely misses you.
The emperor scorpion claws you but does no damage.
The emperor scorpion is engulfed in blazing flames.
The emperor scorpion closely misses you. x2
The emperor scorpion barely misses you. The broodmother bites you!
* * * LOW HITPOINT WARNING * * *
A culicivora comes into view.
The redback is engulfed in blazing flames.
You block the redback's attack.
The redback is engulfed in blazing flames.
The wolf spider is engulfed in blazing flames.
You kill the wolf spider!
The wolf spider's corpse disappears in a puff of smoke!
The jumping spider leaps!
As you read the scroll of fear, it crumbles to dust.
You assume a fearsome visage.
The jumping spider looks frightened!
The broodmother looks frightened!
The redback looks frightened! x3
The culicivora looks frightened!
The emperor scorpion looks frightened! x2
You are engulfed in blazing flames.
You resist.
You die...

* ^ ,*~ ** ,, * ~, , ~..~~ ^...~
~ * * , ,^ {.., ... , , ,, * ,
^{,s~,,~°s , ^* ~ #.##~#, ,
{**##~...## *~ ~ * * , * ###s§###
* ~ * ##ss§s##****,,~ *
*,.###@s###{ * ~, ** *~ ,
.B#ss§§#!{{, ^, *,,,
,,*####..#### ,, * *, **
###..#.### ** ** ###...^### * #
####..#### ####### ###....######
########## ###.)....######
############.........^###########


You could see a broodmother (fleeing), 2 emperor scorpions, a culicivora
(fleeing), a pharaoh ant (wandering), a jumping spider (summoned, fleeing) and 3
redbacks.

Vanquished Creatures
  Arachne (Spider:3)
  Rupert (D:14)
  Donald (Spider:1)
  A fire giant (D:15)
  A ghost moth (Spider:4)
  4 emperor scorpions
  2 orc warlords
  The ghost of Qiryurgh the Carver, a journeyman DsFi of Gozag (D:13)
  4 broodmothers
  A dire elephant (Lair:5)
  Azrael (Spider:1)
  6 entropy weavers
  3 spark wasps
  A minotaur (Gauntlet)
  The ghost of boopmooplesden the Cleaver, a journeyman MiFi of Trog (D:12)
  Fannar (Orc:1)
  A yaktaur captain (D:13)
  16 hydras
  6 radroaches
  5 vault guards (D:13)
  2 catoblepae (D:13)
  Erica (D:8)
  7 boulder beetles
  2 two-headed ogres (D:13)
  5 jorogumos
  A death knight (D:14)
  4 death yaks (Gauntlet)
  3 tengu warriors
  4 orc high priests
  Urug (D:11)
  Nergalle (Orc:1)
  Amaemon (Lair:1)
  A sun demon (Lair:5)
  A deep elf knight (D:13)
  6 skeletal warriors
  A pharaoh ant (Spider:1)
  A sun moth (Spider:4)
  A deep elf archer (D:13)
  8 steelbarb worms
  8 orb spiders
  2 wizards
  2 phantasmal warriors (D:14)
  7 orc knights
  A necromancer (Gauntlet)
  16 wolf spiders
  3 deep elf pyromancers
  3 manticores
  6 orc sorcerers
  5 cyclopes
  6 ugly things
  4 moths of wrath
  2 oklob plants (Lair:4)
  22 elephants
  Maurice (Orc:2)
  7 black mambas
  A water nymph (shapeshifter) (D:13)
  2 torpor snails
  13 cane toads
  2 gargoyles
  An eye of devastation (Gauntlet)
  An unseen horror (D:11)
  2 smoke demons
  7 demonic crawlers
  An unseen horror (shapeshifter) (D:15)
  Maggie (Lair:1)
  8 komodo dragons
  5 orange demons
  2 rime drakes (Lair:5)
  2 kobold demonologists
  3 tengu conjurers
  2 red devils
  14 trolls
  A tyrant leech (Lair:3)
  3 polar bears
  Prince Ribbit (Lair:1)
  35 tarantellas
  12 hornets
  4 slime creatures
  7 dream sheep (Lair:3)
  12 blink frogs
  A centaur simulacrum (D:15)
  25 jumping spiders
  16 culicivoras
  57 yaks
  A shadow (D:12)
  3 wyverns
  2 fire elementals (Spider:1)
  A vampire (D:13)
  6 basilisks
  4 wraiths
  A steam dragon (Lair:2)
  63 redbacks
  A swamp worm (Lair:3)
  9 vampire mosquitoes
  2 wargs (Orc:2)
  An acid dragon (D:13)
  19 water moccasins
  6 hell hounds
  2 floating eyes (Gauntlet)
  35 orc warriors
  3 black bears
  An ice beast (D:7)
  A swamp drake (D:10)
  3 ogres
  7 centaurs
  7 wolves
  12 bullfrogs
  11 kobold brigands
  2 necrophages
  A gnoll sergeant (D:10)
  7 scorpions
  12 wights
  8 killer bees
  6 howler monkeys
  2 electric eels (D:11)
  3 crimson imps (Gauntlet)
  A centaur zombie (Ossuary)
  3 jellies
  7 hounds
  A gnoll bouda (D:6)
  14 orc priests
  2 human zombies (Ossuary)
  2 iguanas (D:5)
  Natasha (twice) (D:3)
  13 orc wizards
  5 mummies (Ossuary)
  Robin (D:2)
  22 gnolls
  8 adders
  2 shadow imps (D:11)
  A white imp (D:5)
  A worm (D:5)
  4 dart slugs
  61 orcs
  12 endoplasms
  12 giant cockroaches
  32 goblins
  12 hobgoblins
  7 jackals
  48 kobolds
  6 quokkas
  5 ball pythons
  12 bats
  6 frilled lizards
  4 goblin zombies (Ossuary)
  A hobgoblin zombie (Ossuary)
  9 kobold skeletons (D:11)
  9 kobold zombies (D:11)
  5 rats
1017 creatures vanquished.

Vanquished Creatures (collateral kills)
  A tyrant leech (Lair:3)
1 creature vanquished.

Vanquished Creatures (others)
  A vampire mosquito (D:10)
  A hound (D:11)
  3 orc priests (D:11)
  3 orcs
  A bush (Lair:1)
  26 fungi
  38 plants
73 creatures vanquished.

Grand Total: 1091 creatures vanquished

Notes
Turn   | Place    | Note
-------+----------+-------------------------------------------
     0 | D:1      | shadowmeld the Djinni Ice Elementalist began the quest for
                  | the Orb.
     0 | D:1      | shadowmeld set off with the following spells memorised:
                  | Freeze, Frozen Ramparts, Ozocubu's Armour, Hailstorm.
     0 | D:1      | Reached XP level 1. HP: 15/15 MP: 0/0
   163 | D:1      | Reached XP level 2. HP: 8/21 MP: 0/0
   780 | D:1      | Reached XP level 3. HP: 15/25 MP: 0/0
   780 | D:1      | Learned a level 1 spell: Sandblast
  1395 | D:1      | Found a faded altar of an unknown god.
  1547 | D:2      | Reached skill level 4 in Spellcasting
  1576 | D:2      | Noticed Robin
  1594 | D:2      | Killed Robin
  1595 | D:2      | Reached XP level 4. HP: 24/31 MP: 0/0
  2280 | D:2      | Reached XP level 5. HP: 34/36 MP: 0/0
  2280 | D:2      | Learned a level 2 spell: Poisonous Vapours
  2391 | D:2      | Reached skill level 1 in Fighting
  2892 | D:3      | Reached skill level 5 in Spellcasting
  2896 | D:3      | Reached XP level 6. HP: 16/42 MP: 0/0
  3084 | D:3      | Found Ysuheblab's Weapon Boutique.
  3135 | D:3      | Noticed Natasha
  3139 | D:3      | Killed Natasha
  3209 | D:3      | Noticed Natasha
  3410 | D:3      | Killed Natasha
  3411 | D:3      | Reached XP level 7. HP: 48/48 MP: 0/0
  3411 | D:3      | Learned a level 3 spell: Inner Flame
  3928 | D:4      | Found a staircase to the Ecumenical Temple.
  3944 | Temple   | Entered the Ecumenical Temple
  3954 | Temple   | Became a worshipper of Ashenzari the Shackled
  4428 | D:5      | Entered Level 5 of the Dungeon
  4526 | D:5      | Noticed a water moccasin
  4531 | D:5      | Killed a water moccasin
  4532 | D:5      | Reached skill level 6 in Spellcasting
  4619 | D:5      | Found a hazy altar of Hepliaklqana.
  4761 | D:5      | Reached XP level 8. HP: 26/55 MP: 0/0
  5118 | D:6      | Reached skill level 7 in Spellcasting
  5421 | D:6      | Reached * piety under Ashenzari
  5511 | D:6      | Reached XP level 9. HP: 62/62 MP: 0/0
  5511 | D:6      | Learned a level 3 spell: Stone Arrow
  5515 | D:6      | Reached skill level 8 in Spellcasting
  5814 | D:6      | Reached skill level 1 in Armour
  6165 | D:7      | Found a flagged portal.
  6202 | Bailey   | Entered a bailey
  6216 | Bailey   | Reached skill level 5 in Dodging
  6219 | Bailey   | Reached ** piety under Ashenzari
  6287 | Bailey   | Noticed an orc knight
  6291 | Bailey   | Reached skill level 9 in Spellcasting
  6293 | Bailey   | Reached skill level 1 in Evocations
  6295 | Bailey   | Noticed an orc warlord
  6299 | Bailey   | Noticed an orc knight
  6305 | Bailey   | Killed an orc warlord
  6306 | Bailey   | Reached skill level 5 in Fighting
  6306 | Bailey   | Reached XP level 10. HP: 72/72 MP: 0/0
  6314 | Bailey   | Killed an orc knight
  6317 | Bailey   | Killed an orc knight
  6318 | Bailey   | Reached skill level 10 in Spellcasting
  6340 | Bailey   | Identified the +0 chain mail of Catatonia {Str+4}
  6625 | D:7      | Found a sand-covered staircase.
  6634 | Ossuary  | Entered an ossuary
  6652 | Ossuary  | Reached *** piety under Ashenzari
  6952 | D:7      | Reached XP level 11. HP: 75/79 MP: 0/0
  6952 | D:7      | Learned a level 5 spell: Lightning Bolt
  6967 | D:7      | Reached XP level 12. HP: 87/91 MP: 0/0
  7278 | D:7      | Reached skill level 11 in Spellcasting
  7406 | D:8      | Noticed Erica
  7409 | D:8      | Killed Erica
  7526 | D:8      | Identified the +9 sling "Vuyngouv" {flame, Fly Will- MP+9}
  8566 | D:10     | Entered Level 10 of the Dungeon
  8876 | D:10     | Found a glowing golden altar of the Shining One.
  8877 | D:10     | Found a glowing silver altar of Zin.
  8946 | D:10     | Reached skill level 12 in Spellcasting
  9180 | D:10     | Found a shadowy altar of Dithmenos.
  9426 | D:11     | Reached skill level 10 in Dodging
  9636 | D:11     | Identified the +0 cloak "Vodis" {-Cast Regen+ Slay+2}
  9764 | D:11     | Noticed Urug
  9777 | D:11     | Killed Urug
  9778 | D:11     | Reached XP level 13. HP: 78/100 MP: 0/0
  9778 | D:11     | Learned a level 5 spell: Summon Mana Viper
  9888 | D:11     | Found a staircase to the Lair.
 10350 | D:12     | Found a staircase to the Orcish Mines.
 10415 | D:12     | Noticed a boulder beetle
 10416 | D:12     | Noticed a boulder beetle
 10433 | D:12     | Killed a boulder beetle
 10439 | D:12     | Found a shimmering altar of Xom.
 10445 | D:12     | Killed a boulder beetle
 10446 | D:12     | Reached skill level 13 in Spellcasting
 10549 | D:12     | Found a runed translucent gate.
 10549 | D:12     | Noticed a nine-headed hydra
 10550 | D:12     | Found a runed translucent gate.
 10551 | D:12     | Found a runed translucent gate.
 10551 | D:12     | Noticed a 12-headed hydra
 10554 | D:12     | Noticed boopmooplesden's ghost (journeyman MiFi)
 10554 | D:12     | Identified the +8 double sword of Foul Odours {vorpal,
                  | Will+}
 10973 | D:13     | Found Wazakh's General Store.
 11047 | D:13     | Noticed Qiryurgh's ghost (journeyman DsFi)
 11051 | D:13     | Found a bloodstained altar of Trog.
 11053 | D:13     | Noticed a catoblepas
 11064 | D:13     | Found a transporter.
 11067 | D:13     | Killed a catoblepas
 11117 | D:13     | Found a transporter.
 11259 | D:13     | Noticed a vault guard
 11415 | Lair:1   | Entered Level 1 of the Lair of Beasts
 11564 | Lair:1   | Noticed Prince Ribbit
 11568 | Lair:1   | Killed Prince Ribbit
 11704 | Lair:1   | Reached skill level 10 in Fighting
 11765 | Lair:1   | Noticed Maggie
 11780 | Lair:1   | Killed Maggie
 11914 | Lair:1   | Noticed Amaemon
 11919 | Lair:1   | Killed Amaemon
 12239 | Lair:2   | Found a hole to the Spider Nest.
 12252 | Lair:2   | Reached skill level 14 in Spellcasting
 12252 | Lair:2   | Reached XP level 14. HP: 97/110 MP: 0/0
 12278 | Lair:2   | Found a gate leading to a gauntlet.
 12301 | Gauntlet | Entered a Gauntlet
 12301 | Gauntlet | Found a transporter.
 12301 | Gauntlet | Found a transporter.
 12310 | Gauntlet | Found a transporter.
 12310 | Gauntlet | Found a transporter.
 12313 | Gauntlet | Reached skill level 1 in Axes
 12338 | Gauntlet | Found a transporter.
 12340 | Gauntlet | Found a transporter.
 12362 | Gauntlet | Found a transporter.
 12362 | Gauntlet | Found a transporter.
 12366 | Gauntlet | Noticed an entropy weaver
 12366 | Gauntlet | Identified the +0 pair of gloves of Articulation {rF+
                  | Will++}
 12376 | Gauntlet | Reached **** piety under Ashenzari
 12385 | Gauntlet | Found a transporter.
 12385 | Gauntlet | Found a transporter.
 12393 | Gauntlet | Identified the +10 dagger "Doek" {vamp, rElec rCorr Dex+3}
 12394 | Gauntlet | Found a transporter.
 12416 | Gauntlet | Found a transporter.
 12477 | Gauntlet | Noticed a minotaur
 12490 | Gauntlet | Killed a minotaur
 12756 | Lair:2   | Reached ***** piety under Ashenzari
 13180 | Lair:3   | Reached skill level 15 in Spellcasting
 13326 | Lair:3   | Identified the ring "Ohisep" {rPois rF++ rC- Dex-3 SInv}
 13500 | Lair:3   | Reached XP level 15. HP: 53/124 MP: 0/0
 13500 | Lair:3   | Learned a level 6 spell: Summon Cactus Giant
 13769 | Lair:3   | Found a staircase to the Swamp.
 13809 | Lair:3   | Found an ornate altar of the Wu Jian Council.
 13809 | Lair:3   | Found a hide-covered altar of Uskayaw.
 14140 | Lair:4   | Found the +1 robe of Vines {NoPotionHeal Regen++++}
 14669 | Lair:5   | Entered Level 5 of the Lair of Beasts
 14680 | Lair:5   | Reached skill level 16 in Spellcasting
 15148 | Lair:5   | Found a staircase to the Slime Pits.
 15246 | Lair:5   | Found a viscous altar of Jiyva.
 15426 | Lair:5   | Found a burning altar of Makhleb.
 15450 | Lair:5   | Found a gateway to Hell.
 16290 | D:12     | Killed boopmooplesden's ghost
 16293 | D:12     | Reached XP level 16. HP: 68/130 MP: 0/0
 16393 | Orc:1    | Entered Level 1 of the Orcish Mines
 16393 | Orc:1    | Noticed Fannar
 16396 | Orc:1    | Killed Fannar
 16545 | Orc:1    | Noticed Nergalle
 16549 | Orc:1    | Killed Nergalle
 16899 | Orc:2    | Entered Level 2 of the Orcish Mines
 16900 | Orc:2    | Found Leggus's CLEARANCE SALE!.
 17034 | Orc:2    | Found Kocwin's Book Boutique.
 17038 | Orc:2    | Noticed Maurice
 17077 | Orc:2    | Killed Maurice
 17240 | Orc:2    | Found a staircase to the Elven Halls.
 17513 | Orc:2    | Reached skill level 17 in Spellcasting
 17584 | Orc:2    | Found Jamosyempi's Antique Armour Emporium.
 17584 | Orc:2    | Found Getuta's Antique Armour Boutique.
 17589 | Orc:2    | Found Rieh's Antique Weapon Emporium.
 17600 | Orc:2    | Bought an ivory rapier for 243 gold pieces
 17600 | Orc:2    | Identified the +4 rapier of the Secret Defenders {flame,
                  | rPois rF+ rN+ Int+4} (You bought it in a shop on level 2 of
                  | the Orcish Mines)
 17602 | Orc:2    | Bought a shimmering chain mail for 275 gold pieces
 17602 | Orc:2    | Identified the +7 chain mail of Intense Surprise {Str+3
                  | Int+4 Slay+3 SInv} (You bought it in a shop on level 2 of
                  | the Orcish Mines)
 17602 | Orc:2    | Bought a runed scarf for 232 gold pieces
 17868 | D:13     | Found a runed translucent door.
 17903 | D:13     | Identified a scroll of acquirement
 17911 | D:13     | Acquired a manual of Dodging
 18044 | D:13     | Found a gate to the Vaults.
 18127 | D:13     | Identified the +1 scale mail of Soft Satisfaction {rElec
                  | rCorr}
 18128 | D:13     | Identified the amulet of Cuamif {Spirit Dex+3}
 18332 | D:13     | Reached skill level 5 in Armour
 18441 | D:13     | Killed Qiryurgh's ghost
 18650 | D:14     | Found Dudyli's Armour Shop.
 18852 | D:14     | Noticed Rupert
 18866 | D:14     | Killed Rupert
 18867 | D:14     | Reached XP level 17. HP: 70/139 MP: 0/0
 18867 | D:14     | Learned a level 7 spell: Summon Hydra
 19339 | D:15     | Entered Level 15 of the Dungeon
 19515 | D:15     | Reached skill level 18 in Spellcasting
 19643 | D:15     | Found a staircase to the Depths.
 19991 | Spider:1 | Entered Level 1 of the Spider Nest
 19993 | Spider:1 | Reached skill level 1 in Shields
 20128 | Spider:1 | Noticed Donald
 20147 | Spider:1 | Killed Donald
 20480 | Spider:1 | Reached skill level 15 in Dodging
 20698 | Spider:1 | Noticed Azrael
 20704 | Spider:1 | Killed Azrael
 21256 | Spider:2 | Reached XP level 18. HP: 36/153 MP: 0/0
 21988 | Spider:2 | Gained mutation: You are partially covered in large bone
                  | plates. (SH +4) [mutagenic glow]
 22106 | Spider:3 | Noticed Arachne
 22130 | Spider:3 | Reached skill level 19 in Spellcasting
 22131 | Spider:3 | Killed Arachne
 22646 | Spider:4 | Entered Level 4 of the Spider Nest
 22667 | Spider:4 | Gained mutation: Armour fits poorly on your strangely
                  | shaped body. [mutagenic glow]
 22669 | Spider:4 | HP: 5/153 [jumping spider (5)]
 23242 | Spider:4 | HP: 2/153 [broodmother (17)]
 23243 | Spider:4 | Engulfed by a cloud of flame

Illustrated notes

Levels and vault maps discovered:
D:1:      ncdulo_wetmaze, layout_rooms, shapermc_ecumenical_altar_mp_highgroup,
          minmay_tetromino_t4
D:2:      wad_crossroads, layout_loops_ring, columned_hall_lemuel, uniq_robin
D:3:      minmay_roachtagon, layout_rooms, serial_shops,
          nicolae_shop_bloodbath_and_beyond, uniq_natasha
D:4:      layout_gridville, nicolae_overflow_crystal_walls, temple_statues,
          minmay_misc_feat_secret_circle, minmay_strange_pillars,
          nicolae_underground_beach
D:5:      layout_basic, vehumet_altar_wand_db, mainiacjoe_overflow_24_doors,
          minmay_fountain_box
D:6:      layout_loops_corners, grunt_decor_fettered, minmay_tree_intersection,
          minivault_24, minmay_between
D:7:      layout_loops_cross, enter_bailey_5,
          lightli_ossuary_entry_decrepit_ruins, minmay_misc_feat_alley,
          grunt_ministairs_1
D:8:      layout_rooms, minivault_10, uniq_erica
D:9:      layout_loops_cross
D:10:     layout_basic, grunt_temple_overflow_open,
          mainiacjoe_overflow_cross_hatched, pond
D:11:     wander_kiku_kobolds, layout_loops_ring, erik_lair_island,
          lemuel_nasty_fountain, uniq_urug
D:12:     layout_roguey, orc_0_dummy, gammafunk_ghost_hydra_chop,
          xom_confusion_cloud
D:13:     layout_roguey, grunt_vaults_entry_fortified,
          gammafunk_ghost_wrathful_warriors, serial_shops, shop, lightli_airlock
D:14:     layout_grid_maze, serial_shops, kennysheep_mini_moat,
          grunt_ministairs_10, uniq_rupert
D:15:     grunt_enter_depths_giant_problem, layout_cave_pools, serial_glass,
          glass_columns_a, glass_columns_a
Temple:   nicolae_temple_bog_church
Lair:1:   layout_cave_pods, infiniplex_staircase_pool_2, lemuel_fruit_tree,
          grunt_megastairs_2, uniq_maggie, uniq_prince_ribbit2, uniq_amaemon
Lair:2:   layout_gridlike, nicolae_spider_entry_tight_spaces,
          gauntlet_entry_generic, serial_bayou_pond_a, st_stairs_11
Lair:3:   layout_cave_pods, minmay_swamp_entry_worms,
          nzn_masters_of_martial_movement
Lair:4:   layout_roguey, hellmonk_guarded_unrand_vines, serial_bayou_shore_b,
          grunt_megastairs_3, serial_bayou_shore_b
Lair:5:   evil_forest, layout_gridlike, nicolae_slime_entry_slimehenge
Spider:1: spiders_nest_scorpion_pit, hellmonk_narrow_tunnel,
          hangedman_spider_tarantella_strand, uniq_donald, uniq_azrael
Spider:2: layout_spider_delve, nicolae_spider_webs_and_nodes
Spider:3: layout_spider_delve, uniq_arachne
Spider:4: guppyfry_spider_rune, nicolae_spider_twisty_arc_passages
Orc:1:    layout_diamond_mine, bh_open_orc_temple, uniq_fannar, uniq_nergalle
Orc:2:    grunt_orc_tribal_feast, layout_caves, basic_altar,
          nicolae_shop_clearance, uniq_maurice

Skill      XL: |  1  2  3  4  5  6  7  8  9 10 11 12 13 14 15 16 17 18 |
---------------+-------------------------------------------------------+-----
Spellcasting   | 4 5 6 7 9 10 12 14 15 16 17 18 19 | 19.4
Fighting       | 1 2 3 5 8 9 10 11 12 13 14 | 14.2
Dodging        | 3 4 5 6 9 10 11 12 13 15 17 | 17.1
Armour         | 1 2 4 5 |  5.2
Evocations     | 1 2 |  2.2
Axes           | 1 |  1.6
Shields        | 2 4 |  4.8
Short Blades   | |  0.4
Ranged Weapons | |  0.1
Stealth        | |  1.5

Action                   |  1- 3 |  4- 6 |  7- 9 | 10-12 | 13-15 | 16-18 || total
-------------------------+-------+-------+-------+-------+-------+-------++-------
Melee: Broad axe         |       |       |       |       |    10 |     6 ||    16
       Dagger            |       |       |       |       |       |    25 ||    25
 Fire: Shortbow          |       |     6 |     8 |       |       |       ||    14
       Sling             |       |       |     2 |       |       |       ||     2
 Cast: Freeze            |    37 |    21 |    44 |    22 |    65 |    30 ||   219
       Sandblast         |    17 |    49 |    73 |    11 |     5 |       ||   155
       Frozen Ramparts   |     1 |     6 |    13 |     6 |     9 |    11 ||    46
       Poisonous Vapours |       |     1 |    11 |    61 |    90 |    78 ||   241
       Hailstorm         |       |       |     4 |     1 |    10 |       ||    15
       Stone Arrow       |       |       |    18 |   139 |   310 |   500 ||   967
       Inner Flame       |       |       |     9 |    38 |    57 |    68 ||   172
       Lightning Bolt    |       |       |       |    34 |    96 |   237 ||   367
       Ozocubu's Armour  |       |       |       |       |     2 |     3 ||     5
       Summon Cactus Gia |       |       |       |       |     1 |     2 ||     3
       Summon Mana Viper |       |       |       |       |       |     1 ||     1
Invok: Curse Item        |       |       |     3 |     2 |     3 |     4 ||    12
       Shatter the Chain |       |       |       |       |     2 |     3 ||     5
Evoke: Wand              |       |       |    10 |       |       |     3 ||    13
  Use: Scroll            |     1 |     5 |    10 |       |     5 |     7 ||    28
       Potion            |       |       |     2 |     3 |     2 |    20 ||    27
Armor: Robe              |    11 |     1 |       |       |       |       ||    12
       Animal skin       |       |    14 |    12 |       |       |       ||    26
       Skin              |       |       |     1 |       |       |       ||     1
       Leather armour    |       |       |    15 |    19 |     6 |       ||    40
       Troll leather arm |       |       |       |       |    95 |   153 ||   248
Dodge: Dodged            |    24 |    18 |    50 |    46 |   162 |   423 ||   723
Block: Buckler           |       |       |       |       |       |    31 ||    31
       Kite shield       |       |       |       |       |       |   272 ||   272
       Reflection        |       |       |       |       |       |     1 ||     1
